 Dungeon Crawl Stone Soup version 0.27.1-1-g398f81649c (webtiles) character file.

Game seed: 5740172993032662090

49 jondo1214 the Grave Robber (level 3, 0/26 HPs)
             Began as a Hill Orc Necromancer on Sept 13, 2021.
             Succumbed to an adder's poison
             ... on level 1 of the Dungeon.
             The game lasted 00:06:55 (1585 turns).

jondo1214 the Grave Robber (Hill Orc Necromancer)   Turns: 1585, Time: 00:06:56

Health: 0/26       AC:  2    Str: 10    XL:     3   Next: 75%
Magic:  6/6        EV: 12    Int: 22    God:
Gold:   25         SH:  0    Dex: 11    Spells: 1/6 levels left

rFire    . . .     SeeInvis .   c - +0 dagger
rCold    . . .     Faith    .   (no shield)
rNeg     . . .     Spirit   .   a - +0 robe
rPois    .         Reflect  .   (no helmet)
rElec    .         Harm     .   (no cloak)
rCorr    .         Rampage  .   (no gloves)
Will     .....                  (no boots)
Stlth    ++........             (no amulet)
HPRegen  0.08/turn              d - +6 ring of intelligence
MPRegen  0.10/turn              (no ring)

@: lethally poisoned (0 -> -1)
A: no striking features
a: no special abilities


You were on level 1 of the Dungeon.
You visited 1 branch of the dungeon, and saw 2 of its levels.

You collected 25 gold pieces.

Inventory:

Hand Weapons
 c - a +0 dagger (weapon)
 g - a +0 hand axe
Armour
 a - a +0 robe (worn)
 e - a +0 ring mail
 j - a +0 leather armour
Jewellery
 d - a +6 ring of intelligence (left hand)
Potions
 f - a potion of curing {unknown}
 i - a potion of heal wounds {unknown}


   Skills:
 * Level 0.7 Armour
 + Level 1.5 Dodging
 * Level 2.1 Stealth
 + Level 0.2 Unarmed Combat
 * Level 2.0 Spellcasting
 * Level 4.5 Necromancy


You had one spell level left.
You knew the following spells:

 Your Spells              Type           Power      Damage    Failure   Level
a - Pain                  Necr           88%        1d8       2%          1
b - Animate Skeleton      Necr           44%        N/A       2%          1
c - Vampiric Draining     Necr           11%        2d7       6%          3

Your spell library contained the following spells:

 Spells                   Type           Power      Damage    Failure   Level
 Animate Dead             Necr           11%        N/A       22%         4
 Agony                    Necr           22%        N/A       52%         5


Dungeon Overview and Level Annotations

Branches:
Dungeon (2/15)

Altars:


Message History

There is a stone staircase leading up, spattered with blood here.
You hit the adder but do no damage. The adder bites you.
You closely miss the adder. The adder bites you.
You are poisoned.
The adder poisons you! The adder misses you.
You miss the adder.
You feel sick. The adder bites you.
You feel sick. The adder bites you.
* * * LOW HITPOINT WARNING * * *
You climb upwards.
* * * LOW HITPOINT WARNING * * *
You feel sick.
There is a stone staircase leading down here.
You are confused.
You feel invigorated.
You feel sick. The adder closely misses you. The adder bites you.
* * * LOW HITPOINT WARNING * * *
You barely miss the adder.
You feel sick. The adder bites you.
* * * LOW HITPOINT WARNING * * *
You are more poisoned.
The adder poisons you!
You barely miss the adder.
* * * LOW HITPOINT WARNING * * *
You feel sick. The adder barely misses you.
You closely miss the adder.
You feel less invigorated.
You feel less confused.
You feel sick. The adder misses you.
You barely miss the adder.
You feel sick. The adder misses you. The adder bites you.
* * * LOW HITPOINT WARNING * * *
You hit the adder.
The adder is lightly wounded.
* * * LOW HITPOINT WARNING * * *
You feel sick. The adder misses you.
You hit the adder.
The adder is heavily wounded.
* * * LOW HITPOINT WARNING * * *
You feel sick. The adder closely misses you.
You closely miss the adder.
The adder is heavily wounded.
You die...

..# #.# ..# #.#
..# #.#
..##########.#
.............#
..#############
..............#
.############.####
...............S@#
#....#############
#....# #....#
#....# #....#
.....# .....#
.....#


You could see an adder.

Vanquished Creatures
  An adder (D:2)
  2 dart slugs (D:1)
  A bat (D:1)
  6 endoplasms (D:1)
  A giant cockroach (D:1)
  2 goblins (D:1)
  4 hobgoblins (D:1)
  3 jackals (D:1)
  5 quokkas (D:1)
  A ball python (D:1)
  2 frilled lizards (D:1)
  A kobold (D:2)
  A rat (D:1)
30 creatures vanquished.

Notes
Turn   | Place    | Note
-------+----------+-------------------------------------------
     0 | D:1      | jondo1214 the Hill Orc Necromancer began the quest for the
                  | Orb.
     0 | D:1      | Reached XP level 1. HP: 14/14 MP: 3/3
    15 | D:1      | Learned a level 1 spell: Animate Skeleton
   189 | D:1      | Reached XP level 2. HP: 12/20 MP: 0/4
  1033 | D:1      | Reached XP level 3. HP: 23/26 MP: 1/5
  1058 | D:1      | Found a faded altar of an unknown god.
  1178 | D:1      | Learned a level 3 spell: Vampiric Draining
  1577 | D:1      | HP: 1/26 [poisoned by an adder]
  1584 | D:1      | HP: 1/26 [poisoned by an adder]
  1585 | D:1      | Succumbed to an adder's poison

Illustrated notes

Levels and vault maps discovered:
D:1:      saegor_arrival_simple_c, layout_basic,
          ebering_ecumenical_altar_abandoned
D:2:      layout_rooms

Skill      XL: |  1  2  3 |
---------------+----------+-----
Spellcasting   | 2 |  2.0
Stealth        | 2 |  2.1
Armour         | |  0.7
Dodging        | |  1.5
Unarmed Combat | |  0.2
Necromancy     | |  4.5

Action                   || total
-------------------------++-------
Melee: Unarmed           ||    15
       Dagger            ||    48
 Cast: Pain              ||    49
       Animate Skeleton  ||     7
       Vampiric Draining ||     1
  Use: Scroll            ||     2
       Potion            ||     1
 Stab: Sleeping          ||     5
Armor: Robe              ||    12
Dodge: Dodged            ||    38
